 Dungeon Crawl Stone Soup version 0.27-a0-1359-ga2a4dfd6fd (webtiles) character file.

Game seed: 8442462794137288384

172 senseless the Skirmisher (level 5, -1/34 HPs)
             Began as a Gargoyle Fighter on June 28, 2021.
             Was a Believer of Wu Jian.
             Slain by a hobgoblin (6 damage)
             ... led by Robin
             ... on level 3 of the Dungeon.
             The game lasted 00:05:21 (2648 turns).

senseless the Skirmisher (Gargoyle Fighter)         Turns: 2648, Time: 00:05:23

Health: -1/34      AC: 11    Str: 21    XL:     5   Next: 53%
Magic:  5/5        EV:  7    Int:  8    God:    Wu Jian [**....]
Gold:   100        SH:  9    Dex:  9    Spells: 4/4 levels left

rFire    + . .     SeeInvis .   a - +1 flail
rCold    + . .     Faith    .   c - +0 kite shield
rNeg     + . .     Spirit   .   b - +0 scale mail
rPois    ∞         Reflect  .   (no helmet)
rElec    +         Harm     .   (no cloak)
rCorr    +         Rampage  .   (no gloves)
Will     +....                  (no boots)
Stlth    ..........             (no amulet)
HPRegen  0.11/turn              h - ring of willpower
MPRegen  0.09/turn              (no ring)

@: about to teleport, resistant, on berserk cooldown, slowed, very slow
A: sickness immunity, AC +4, negative energy resistance 1, electricity
resistance, torment resistance 1, petrification resistance
a: Renounce Religion, Wall Jump


You were on level 3 of the Dungeon.
You worshipped Wu Jian.
Wu Jian was pleased with you.
You visited 1 branch of the dungeon, and saw 3 of its levels.

You collected 100 gold pieces.

Inventory:

Hand Weapons
 a - a +1 flail (weapon)
Missiles
 m - 2 curare-tipped darts (quivered)
Armour
 b - a +0 scale mail (worn)
 c - a +0 kite shield (worn)
Jewellery
 h - a ring of willpower (left hand)
Scrolls
 n - a scroll of fog {unknown}
Potions
 e - a potion of berserk rage
 i - a potion of mutation
 j - a potion of curing {unknown}


   Skills:
 * Level 4.5 Fighting
 * Level 3.3 Maces & Flails
 + Level 3.9 Armour
 + Level 1.2 Dodging
 + Level 3.9 Shields


You had 4 spell levels left.
You didn't know any spells.
Your spell library was empty.

Dungeon Overview and Level Annotations

Branches:
Dungeon (3/15)

Altars:
Wu Jian

Annotations:
D:3 Robin


Innate Abilities, Weirdness & Mutations

You are immune to sickness and miasma.
Your stone body is resilient. (AC +4)
You are immune to poison.
You resist negative energy. (rN+)
You are resistant to electric shocks. (rElec)
You are resistant to unholy torment.
You are immune to petrification.


Message History

You block the goblin's attack. x2; The goblin hits you with a +0 dagger.
The goblin closely misses you. The hobgoblin hits you.
The goblin closely misses you.
As you read the scroll labelled TOTWOIPOSE, it crumbles to dust.
It is a scroll of enchant weapon.
Your +0 flail glows red for a moment.
The hobgoblin no longer looks unusually strong.
You block the goblin's attack. You block the hobgoblin's attack.
The goblin hits you but does no damage. The goblin misses you.
The hobgoblin hits you.
As you read the scroll labelled FUNKAHETOU, it crumbles to dust.
It is a scroll of identify.
i - a potion of mutation The goblin no longer looks unusually strong.
The goblin hits you but does no damage. The goblin completely misses you.
The hobgoblin hits you but does no damage.
You block the goblin's attack.
As you read the scroll labelled UFFEULO PUFAVE, it crumbles to dust.
You feel aware of your surroundings.
It was a scroll of magic mapping.
Robin roars a battlecry!
The goblins go into a battle-frenzy!
The goblin hits you with a +0 club.
* * * LOW HITPOINT WARNING * * *
You block the hobgoblin's attack. The goblin hits you with a +0 dagger.
* * * LOW HITPOINT WARNING * * *
You block the goblin's attack.
The hobgoblin hits you but does no damage.
As you read the scroll labelled HUM KYTOSORAWK, it crumbles to dust.
You feel strangely unstable.
It was a scroll of teleportation.
The hobgoblin no longer looks unusually strong.
You block the goblin's attack. x2
The hobgoblin hits you but does no damage.
The goblin hits you but does no damage.
As you read the scroll labelled ATRIWU FAYSSUM, it crumbles to dust.
You hear a loud clanging noise!
It was a scroll of noise.
You hear a shout!
You hear an angry hiss.
The goblin no longer looks unusually strong.
The goblin closely misses you. The hobgoblin hits you.
You die...

##.## #.#*..##***,**,***
#...########.#*,.# **,,,,,,,
#.#........,.#*,,#***,>,,,***
#...#######*##*,,*,,,,,,,,***
##.###...## *,,*,**,,,,,,,,
#.##.###.# *,,,,#*,,,,****
*** #)...# #.# *,,..#*,****
,,* #.##.###.#####g...#*,*
,,***#.###...##g@ggg....,,*
,,,,*#.# ##.###g####.###*,*
** ,,,,,#.# #.###.#* *,*
**,** **, ,,,,,#.#
#.##.#.#**,***,,,****,,
,,**,#.#
#...###.#*,,,,,,,,,,,,,
,,,,,..#
####.#,##*,***,,,****,,
*,**,*** *#.#* *,* **,******,
*,**,* *## *,* *,,,,,,,,
*,**,** *,* *********


You could see Robin, 3 hobgoblins and 2 goblins.

Vanquished Creatures
  Natasha (thrice) (D:2)
  4 adders (D:2)
  A gnoll (D:2)
  2 dart slugs
  An orc (D:3)
  2 endoplasms (D:1)
  A giant cockroach (D:1)
  11 goblins
  2 hobgoblins
  6 jackals
  5 kobolds
  A quokka (D:2)
  2 bats (D:2)
  A frilled lizard (D:2)
  4 rats (D:2)
46 creatures vanquished.

Notes
Turn   | Place    | Note
-------+----------+-------------------------------------------
     0 | D:1      | senseless the Gargoyle Fighter began the quest for the Orb.
     0 | D:1      | Reached XP level 1. HP: 14/14 MP: 1/1
   430 | D:1      | Found a faded altar of an unknown god.
   438 | D:1      | Became a worshipper of the Wu Jian Council
   438 | D:1      | Reached * piety under Wu Jian
   474 | D:1      | Reached XP level 2. HP: 19/19 MP: 2/2
   886 | D:2      | Reached XP level 3. HP: 24/24 MP: 3/3
  1241 | D:2      | Reached XP level 4. HP: 29/29 MP: 4/4
  1310 | D:2      | Noticed Natasha
  1323 | D:2      | Reached skill level 4 in Fighting
  1323 | D:2      | Killed Natasha
  1324 | D:2      | Reached skill level 1 in Dodging
  1417 | D:2      | Reached ** piety under Wu Jian
  1903 | D:2      | Noticed Natasha
  1918 | D:2      | Killed Natasha
  1919 | D:2      | Reached XP level 5. HP: 9/34 MP: 5/5
  2276 | D:2      | Noticed Natasha
  2288 | D:2      | Killed Natasha
  2624 | D:3      | Noticed Robin
  2648 | D:3      | Slain by a hobgoblin

Illustrated notes

Levels and vault maps discovered:
D:1:      dpeg_arrival_oval, layout_rooms,
          shapermc_ecumenical_altar_starsandcircs,
          chequers_serial_rivers_micro_b
D:2:      layout_basic, minmay_split_cup_large, uniq_natasha
D:3:      layout_loops_ring, gammafunk_ghost_cemetery, uniq_robin, uniq_grinder

Skill      XL: |  1  2  3  4 |
---------------+-------------+-----
Fighting       | 4 |  4.5
Maces & Flails | 3 |  3.3
Dodging        | 1 |  1.2
Armour         | |  3.9
Shields        | |  3.9

Action                   |  1- 3 |  4- 6 || total
-------------------------+-------+-------++-------
Melee: Flail             |    99 |   103 ||   202
Invok: Lunge             |     4 |     2 ||     6
       Whirlwind         |     1 |       ||     1
  Use: Potion            |       |     3 ||     3
       Scroll            |       |     5 ||     5
Armor: Scale mail        |    87 |    71 ||   158
Dodge: Dodged            |    33 |    66 ||    99
Block: Kite shield       |    65 |    71 ||   136

Table legend: (Time is in decaauts)
 A = Elapsed time spent in this place.
 B = Non-inter-level travel time spent in this place.
 C = Inter-level travel time spent in this place.
 D = Time resting spent in this place.
 E = Time spent auto-exploring this place.
 F = Levels seen in this place.
 G = Mean time per level.
                   A        B        C        D        E       F      G
               +--------+--------+--------+--------+--------+-----+--------+
         Total |   2744 |   2511 |    233 |    224 |   1879 |   3 |  914.7 |
       Dungeon |   2744 |   2511 |    233 |    224 |   1879 |   3 |  914.7 |
               +--------+--------+--------+--------+--------+-----+--------+

Top non-repeatable levels by time:
     D:2: 1631 daAuts
     D:1: 843 daAuts
     D:3: 269 daAuts
